 Dungeon Crawl Stone Soup version 0.29.1-4-g47bece8355 (webtiles) character file.

Game seed: 2023669560922514782

234 ChadusMaximus the Trooper (level 5, -1/48 HPs)
             Began as a Minotaur Fighter on Dec 11, 2022.
             Slain by Pikel
             ... wielding a +1 whip of freezing
              (6 damage)
             ... on level 4 of the Dungeon.
             The game lasted 00:03:39 (3528 turns).

ChadusMaximus the Trooper (Minotaur Fighter)        Turns: 3528, Time: 00:03:40

Health: -1/48      AC:  9    Str: 23    XL:     5   Next: 75%
Magic:  4/4        EV:  7    Int:  5    God:
Gold:   204        SH:  4    Dex:  9    Spells: 4/4 levels left

rFire   + . .      SeeInvis .   a - +0 war axe
rCold   . . .      Faith    .   c - +0 buckler
rNeg    . . .      Spirit   .   s - +0 chain mail
rPois   .          Reflect  .   (helmet restricted)
rElec   .          Harm     .   (no cloak)
rCorr   .          Rampage  .   (no gloves)
Will    .....                   (no boots)
Stlth   ..........              (no amulet)
HPRegen 0.16/turn               i - ring of protection from fire
MPRegen 0.09/turn               (no ring)

@: mighty
A: horns 2, retaliatory headbutt
a: no special abilities


You were on level 4 of the Dungeon.
You visited 1 branch of the dungeon, and saw 4 of its levels.

You collected 204 gold pieces.

Inventory:

Hand Weapons
 a - a +0 war axe (weapon)
Missiles
 q - 2 throwing nets (quivered)
Armour
 b - a +0 scale mail
 c - a +0 buckler (worn)
 s - a +0 chain mail (worn)
 v - a +0 pair of gloves
Jewellery
 i - a ring of protection from fire (left hand)
Wands
 k - a wand of roots (17)
Scrolls
 g - 2 scrolls of identify {unknown}
 h - 2 scrolls of vulnerability {unknown}
 j - 2 scrolls of magic mapping {unknown}
 m - a scroll of noise {unknown}
 n - a scroll of teleportation {unknown}
 o - a scroll of poison {unknown}
 p - a scroll of enchant weapon {unknown}
 t - a scroll of blinking {unknown}
 u - a scroll of fog {unknown}
Potions
 e - a potion of brilliance {unknown}
 f - 2 potions of degeneration {unknown}
 l - a potion of curing {unknown}
 r - a potion of mutation {unknown}


   Skills:
 + Level 5.0 Fighting
 + Level 4.2 Axes
 + Level 5.0 Armour
 + Level 5.0 Shields


You had 4 spell levels left.
You didn't know any spells.
Your spell library contained the following spells:

 Spells                   Type           Power      Damage    Failure   Level
 Summon Small Mammal      Summ           0%         N/A       99%         1
 Call Canine Familiar     Summ           0%         N/A       100%        3
 Summon Guardian Golem    Hex/Summ       0%         N/A       100%        3


Dungeon Overview and Level Annotations

Branches:
Dungeon (4/15)
 Temple: D:4-7

Altars:

Annotations:
D:4 Pikel


Innate Abilities, Weirdness & Mutations

You have a pair of horns on your head.
You reflexively headbutt those who attack you in melee.


Message History

You hit Pikel. You headbutt Pikel.
Pikel is lightly wounded.
You barely miss the lemure. You closely miss the lemure.
The lemure hits you but does no damage. x2; You block Pikel's attack.
You closely miss Pikel. Your headbutt misses Pikel.
Pikel is lightly wounded.
You miss the lemure. You slash the lemure!
Pikel says, "You'll make a fine lemure."
Pikel hits you with a +1 whip of freezing!
Pikel freezes you. The lemure hits you. The lemure barely misses you.
You block the lemure's attack. You block Pikel's attack.
The lemure barely misses you. You furiously retaliate!
You headbutt the lemure!
You feel very mighty all of a sudden. The lemure hits you. x2
Pikel hits you with a +1 whip of freezing.
Pikel freezes you.
You barely miss Pikel. You headbutt Pikel!
Pikel is heavily wounded.
You slash the lemure! You closely miss the lemure. The lemure hits you.
* * * LOW HITPOINT WARNING * * *
The lemure hits you but does no damage.
Pikel hits you with a +1 whip of freezing.
* * * LOW HITPOINT WARNING * * *
Pikel freezes you.
* * * LOW HITPOINT WARNING * * *
You slash Pikel!
Pikel is almost dead.
You barely miss the lemure. x2; The lemure hits you but does no damage.
Pikel hits you but does no damage. The lemure hits you.
* * * LOW HITPOINT WARNING * * *
The lemure hits you.
* * * LOW HITPOINT WARNING * * *
Pikel hits you but does no damage. The lemure closely misses you.
You barely miss Pikel. You headbutt Pikel, but do no damage.
Pikel is almost dead.
You closely miss the lemure. You hit the lemure.
You kill the lemure!
That felt strangely unrewarding.
Pikel hits you with a +1 whip of freezing.
You die...

#.........#..........#
#.........##........##
#.........##........##
#.........#..........#
##.......##..[)[.....#
#..............).....#
#.........#..........#
.5##.........#.5..>.....#
.K.5.........##.@<.........
.$##.........##.K.....#####
. ##.......##.....####
##.....###.....#
##.............
.....###...!..# .#....#
.....#.# #....##.....#..


You could see Pikel and a lemure.

Vanquished Creatures
  3 lemures
  An orc priest (D:3)
  Jessica (D:2)
  Natasha (twice) (D:2)
  2 orc wizards (D:4)
  An adder (D:3)
  2 worms (D:2)
  2 dart slugs
  7 orcs
  2 endoplasms
  3 giant cockroaches
  9 goblins
  4 hobgoblins (D:1)
  4 kobolds
  A quokka (D:2)
  5 ball pythons
  5 bats
  2 frilled lizards
  5 rats
61 creatures vanquished.

Notes
Turn   | Place    | Note
-------+----------+-------------------------------------------
     0 | D:1      | ChadusMaximus the Minotaur Fighter began the quest for the
                  | Orb.
     0 | D:1      | Reached XP level 1. HP: 19/19 MP: 0/0
   205 | D:1      | Reached XP level 2. HP: 26/27 MP: 1/1
   919 | D:2      | Reached XP level 3. HP: 28/33 MP: 2/2
  1135 | D:2      | Noticed Natasha
  1144 | D:2      | Killed Natasha
  1446 | D:2      | Found a faded altar of an unknown god.
  1461 | D:2      | Reached XP level 4. HP: 31/40 MP: 3/3
  1551 | D:2      | Noticed Jessica
  1564 | D:2      | Killed Jessica
  1692 | D:2      | Noticed Natasha
  1706 | D:2      | Killed Natasha
  2607 | D:3      | Reached XP level 5. HP: 36/47 MP: 4/4
  3285 | D:4      | Reached skill level 5 in Fighting
  3285 | D:4      | Reached skill level 5 in Armour
  3285 | D:4      | Reached skill level 5 in Shields
  3393 | D:4      | Noticed a lemure
  3393 | D:4      | Noticed a lemure
  3393 | D:4      | Noticed a lemure
  3394 | D:4      | Noticed Pikel
  3394 | D:4      | Noticed a lemure
  3415 | D:4      | Killed a lemure
  3421 | D:3      | Killed a lemure
  3528 | D:4      | Killed a lemure
  3528 | D:4      | Slain by Pikel

Illustrated notes

Levels and vault maps discovered:
D:1:      erik_arrival_triangle_small, layout_loops_ring
D:2:      layout_loops_ring, hellmonk_ecumenical_altar_lost_god, uniq_natasha,
          uniq_terence, uniq_jessica
D:3:      layout_basic, nicolae_figureground_pulse
D:4:      layout_rooms, uniq_pikel

Skill      XL: |  1  2  3  4  5 |
---------------+----------------+-----
Armour         | 4 5 |  5.0
Shields        | 4 5 |  5.0
Fighting       | 4 5 |  5.0
Axes           | 3 4 |  4.2

Action                   |  1- 3 |  4- 6 || total
-------------------------+-------+-------++-------
Melee: War axe           |    76 |    70 ||   146
       Headbutt          |     7 |    14 ||    21
  Use: Potion            |       |     1 ||     1
Armor: Scale mail        |    29 |    24 ||    53
       Chain mail        |       |     9 ||     9
Dodge: Dodged            |    31 |    27 ||    58
Block: Buckler           |    24 |    21 ||    45
